| TOP OF THE 1ST |
|
Eugene Emeralds batting - Pitching for West Virginia Black Bears : LHP Lucila Renteria
|
|
Pitching: LHP Lucila Renteria
|
|
|
Batting: RHB Hugo Torrez
|
0-0: Foul Ball, location: 2F 0-1: Ball 1-1: Foul Ball, location: 2F 1-2: Foul Ball, location: 2F 1-2: Ball 2-2: Foul Ball, location: 2F 2-2: Foul Ball, location: 2F 2-2: Ball 3-2: Base on Balls
|
|
Batting: RHB Dustin Goldsborough
|
0-0: Ball 1-0: Foul Ball, location: 2F 1-1: Foul Ball, location: 2F 1-2: Strikes out swinging
|
|
Batting: RHB Jorge Lagunas
|
0-0: Foul Ball, location: 2F 0-1: Ball 1-1: Foul Ball, location: 2F 1-2: Foul Ball, location: 2F 1-2: Ball 2-2: Strikes out looking
|
|
Batting: RHB Bartolo Aguilar
|
0-0: Ground out 5-3 (Groundball, 56S, EV 89.4 MPH)
|
| Top of the 1st over - 0 runs, 0 hits, 0 errors, 1 left on base; Eugene 0 - West Virginia 0 |
| BOTTOM OF THE 1ST |
|
West Virginia Black Bears batting - Pitching for Eugene Emeralds : RHP Brendan Malzone
|
|
Pitching: RHP Brendan Malzone
|
|
|
Batting: SHB Don Hauk
|
0-0: Ball 1-0: SINGLE (Line Drive, 6D, EV 97.5 MPH)
|
|
Batting: SHB Rob Haney
|
0-0: Ball 1-0: Ball 2-0: Called Strike 2-1: Ball 3-1: Swinging Strike 3-2: Strikes out swinging
|
|
Batting: SHB Yutaro Takahashi
|
0-0: Called Strike Don Hauk steals 2nd base 0-1: Called Strike 0-2: Foul Ball, location: 2F 0-2: Strikes out swinging
|
|
Batting: LHB Dave Cook
|
0-0: Called Strike 0-1: Foul Ball, location: 2F 0-2: Strikes out swinging
|
| Bottom of the 1st over - 0 runs, 1 hit, 0 errors, 1 left on base; Eugene 0 - West Virginia 0 |
| TOP OF THE 2ND |
|
Eugene Emeralds batting - Pitching for West Virginia Black Bears : LHP Lucila Renteria
|
|
Batting: RHB Mike Larson
|
0-0: Called Strike 0-1: Ball 1-1: Foul Ball, location: 2F 1-2: Strikes out swinging
|
|
Batting: RHB T.J. Garrison
|
0-0: Called Strike 0-1: Swinging Strike 0-2: Ball 1-2: Foul Ball, location: 2F 1-2: Ball 2-2: Foul Ball, location: 2F 2-2: Ball 3-2: Base on Balls
|
|
Batting: RHB Juan Lira
|
0-0: Ball 1-0: Fly out, F8 (Flyball, 8RS, EV 93.1 MPH)
|
|
Batting: RHB Rodolfo Perez
|
0-0: Ball 1-0: Called Strike 1-1: Called Strike 1-2: Ball 2-2: Foul Ball, location: 2F 2-2: Foul Ball, location: 2F 2-2: Foul Ball, location: 2F 2-2: Reached on error, E4 (Groundball, 4, EV 91.2 MPH) T.J. Garrison to second
|
|
Batting: RHB Gustavo Rodriguez
|
0-0: Ball 1-0: Ball 2-0: Ball 3-0: Called Strike 3-1: Foul Ball, location: 2F 3-2: Base on Balls T.J. Garrison to third Rodolfo Perez to second
|
|
Batting: RHB Hugo Torrez
|
0-0: Ball 1-0: Ball 2-0: Ball 3-0: Called Strike 3-1: Hit by Pitch T.J. Garrison scores Rodolfo Perez to third Gustavo Rodriguez to second
|
|
Batting: RHB Dustin Goldsborough
|
0-0: Ball 1-0: Ball 2-0: Called Strike 2-1: Swinging Strike 2-2: Strikes out swinging
|
| Top of the 2nd over - 1 run, 0 hits, 1 error, 3 left on base; Eugene 1 - West Virginia 0 |
| BOTTOM OF THE 2ND |
|
West Virginia Black Bears batting - Pitching for Eugene Emeralds : RHP Brendan Malzone
|
|
Batting: RHB Joe Bower
|
0-0: Ball 1-0: Foul Ball, location: 2F 1-1: Ball 2-1: Ball 3-1: Base on Balls
|
|
Pitching: LHP Jerry Tyson
|
|
|
Batting: LHB Jim Weidman
|
0-0: Foul Ball, location: 2F 0-1: Fielders Choice at 2nd, 4-6 (Groundball, 4, EV 84.4 MPH)
|
|
Batting: RHB Sam Voss
|
0-0: Ball 1-0: Fielders Choice at 2nd, 4-6 (Groundball, 4, EV 88.1 MPH)
|
|
Batting: RHB Erik Mulligan
|
0-0: Foul Ball, location: 2F 0-1: Called Strike 0-2: Ball 1-2: Strikes out swinging
|
| Bottom of the 2nd over - 0 runs, 0 hits, 0 errors, 1 left on base; Eugene 1 - West Virginia 0 |
| TOP OF THE 3RD |
|
Eugene Emeralds batting - Pitching for West Virginia Black Bears : LHP Lucila Renteria
|
|
Batting: RHB Jorge Lagunas
|
0-0: Called Strike 0-1: Swinging Strike 0-2: Strikes out swinging
|
|
Batting: RHB Bartolo Aguilar
|
0-0: Called Strike 0-1: Called Strike 0-2: Ball 1-2: Ball 2-2: Ball 3-2: Base on Balls
|
|
Batting: RHB Mike Larson
|
0-0: DOUBLE (Groundball, 5L, EV 97.5 MPH) Bartolo Aguilar to third Runner from 3rd tries for Home, SAFE, throw by LF to home
|
|
Batting: RHB T.J. Garrison
|
0-0: Called Strike 0-1: Swinging Strike 0-2: Foul Ball, location: 2F 0-2: Strikes out swinging
|
|
Batting: RHB Juan Lira
|
0-0: Called Strike 0-1: Ball 1-1: Ball Wild Pitch! Mike Larson to third 2-1: Ground out 4-3 (Groundball, 4, EV 107.5 MPH)
|
| Top of the 3rd over - 1 run, 1 hit, 0 errors, 1 left on base; Eugene 2 - West Virginia 0 |
| BOTTOM OF THE 3RD |
|
West Virginia Black Bears batting - Pitching for Eugene Emeralds : LHP Jerry Tyson
|
|
Batting: RHB Francisco Santos
|
0-0: Foul Ball, location: 2F 0-1: Ball 1-1: SINGLE (Groundball, 56S, EV 70.0 MPH) (infield hit)
|
|
Batting: SHB Don Hauk
|
0-0: Ball 1-0: Swinging Strike 1-1: Ball 2-1: Swinging Strike 2-2: Fielders Choice at 2nd, 6-4 (Groundball, 56, EV 80.6 MPH)
|
|
Batting: SHB Rob Haney
|
0-0: Ball Wild Pitch! Don Hauk to second 1-0: Ball 2-0: SINGLE (Groundball, 25, EV 66.9 MPH) (infield hit) Don Hauk to third
|
|
Batting: SHB Yutaro Takahashi
|
0-0: Ball 1-0: Ball 2-0: Ball 3-0: Called Strike 3-1: Base on Balls Rob Haney to second
|
|
Pitching: RHP Victor de Leon
|
|
|
Batting: LHB Dave Cook
|
0-0: Swinging Strike 0-1: Swinging Strike 0-2: Strikes out swinging
|
|
Batting: RHB Joe Bower
|
0-0: Called Strike 0-1: Ball 1-1: Swinging Strike 1-2: Foul Ball, location: 2F 1-2: Strikes out swinging
|
| Bottom of the 3rd over - 0 runs, 2 hits, 0 errors, 3 left on base; Eugene 2 - West Virginia 0 |
| TOP OF THE 4TH |
|
Eugene Emeralds batting - Pitching for West Virginia Black Bears : LHP Lucila Renteria
|
|
Batting: RHB Rodolfo Perez
|
0-0: Swinging Strike 0-1: Ball 1-1: Swinging Strike 1-2: Strikes out looking
|
|
Pitching: LHP Adam Clarke
|
|
|
Batting: RHB Gustavo Rodriguez
|
0-0: Ground out 5-3 (Groundball, 56S, EV 85.0 MPH)
|
|
Batting: RHB Hugo Torrez
|
0-0: Called Strike 0-1: Swinging Strike 0-2: Ball 1-2: Ball 2-2: Strikes out swinging
|
| Top of the 4th over - 0 runs, 0 hits, 0 errors, 0 left on base; Eugene 2 - West Virginia 0 |
| BOTTOM OF THE 4TH |
|
West Virginia Black Bears batting - Pitching for Eugene Emeralds : RHP Victor de Leon
|
|
Batting: LHB Jim Weidman
|
0-0: Called Strike 0-1: Ball 1-1: Foul Ball, location: 2F 1-2: Ground out 1-3 (Groundball, 13S, EV 71.2 MPH)
|
|
Batting: RHB Sam Voss
|
0-0: Ball 1-0: Ball 2-0: Ball 3-0: Base on Balls
|
|
Batting: RHB Erik Mulligan
|
0-0: Called Strike Sam Voss steals 2nd, throwing error, E2 Sam Voss to third 0-1: TRIPLE (Flyball, 89XD, EV 103.8 MPH) Sam Voss scores
|
|
Pitching: RHP Jose Mata
|
|
|
Pinch Hitting: RHB Mike Weeks
|
0-0: Ball 1-0: Ball 2-0: Ground out 6-3 (Groundball, 6, EV 101.2 MPH) Erik Mulligan scores
|
|
Batting: SHB Don Hauk
|
0-0: Called Strike 0-1: Ball 1-1: Ball 2-1: TRIPLE (Flyball, 8LXD, EV 90.6 MPH)
|
|
Batting: SHB Rob Haney
|
0-0: Ball 1-0: Ball 2-0: Fly out, F9 (Flyball, 9S, EV 86.9 MPH)
|
| Bottom of the 4th over - 2 runs, 2 hits, 1 error, 1 left on base; Eugene 2 - West Virginia 2 |
| TOP OF THE 5TH |
|
Eugene Emeralds batting - Pitching for West Virginia Black Bears : LHP Adam Clarke
|
|
Now at 2B: Mike Weeks
|
|
|
Now in CF: Don Hauk
|
|
|
Batting: RHB Dustin Goldsborough
|
0-0: Ball 1-0: Ball 2-0: SINGLE (Flyball, 56D, EV 93.1 MPH)
|
|
Batting: RHB Jorge Lagunas
|
0-0: Reached on error, E2 (Groundball, 13S, EV 63.8 MPH) Dustin Goldsborough to second
|
|
Batting: RHB Bartolo Aguilar
|
0-0: Ball 1-0: Swinging Strike 1-1: Swinging Strike 1-2: Ball 2-2: Strikes out swinging
|
|
Batting: RHB Mike Larson
|
0-0: Ball 1-0: Foul Ball, location: 2F 1-1: Swinging Strike 1-2: Strikes out swinging
|
|
Batting: RHB T.J. Garrison
|
0-0: Foul Ball, location: 2F 0-1: Swinging Strike 0-2: Foul Ball, location: 2F 0-2: Strikes out swinging
|
| Top of the 5th over - 0 runs, 1 hit, 1 error, 2 left on base; Eugene 2 - West Virginia 2 |
| BOTTOM OF THE 5TH |
|
West Virginia Black Bears batting - Pitching for Eugene Emeralds : RHP Jose Mata
|
|
Batting: SHB Yutaro Takahashi
|
0-0: Ball 1-0: Ground out 5-3 (Groundball, 6S, EV 68.1 MPH)
|
|
Batting: LHB Dave Cook
|
0-0: Swinging Strike 0-1: Ball 1-1: Foul Ball, location: 2F 1-2: Ball 2-2: Strikes out swinging
|
|
Batting: RHB Joe Bower
|
0-0: Called Strike 0-1: Ball 1-1: Ball 2-1: DOUBLE (Flyball, 89XD, EV 108.8 MPH)
|
|
Pitching: LHP Alex Gandarilla
|
|
|
Batting: LHB Jim Weidman
|
0-0: Called Strike 0-1: Ball 1-1: Ball 2-1: Reached on error, E7 (Flyball, 7, EV 83.1 MPH) Joe Bower scores
|
|
Batting: RHB Sam Voss
|
0-0: Called Strike 0-1: Hit by Pitch
|
|
Batting: RHB Erik Mulligan
|
0-0: Swinging Strike 0-1: Ball Wild Pitch! Jim Weidman to third Sam Voss to second 1-1: Ball 2-1: Ball 3-1: Base on Balls
|
|
Batting: RHB Mike Weeks
|
0-0: Called Strike 0-1: Ball 1-1: Swinging Strike 1-2: Foul Ball, location: 2F 1-2: Ball 2-2: Foul Ball, location: 2F 2-2: Foul Ball, location: 2F 2-2: Foul Ball, location: 2F 2-2: Ball 3-2: Strikes out swinging
|
| Bottom of the 5th over - 1 run, 1 hit, 1 error, 3 left on base; Eugene 2 - West Virginia 3 |
| TOP OF THE 6TH |
|
Eugene Emeralds batting - Pitching for West Virginia Black Bears : LHP Adam Clarke
|
|
Batting: RHB Juan Lira
|
0-0: Foul Ball, location: 2F 0-1: Swinging Strike 0-2: Strikes out swinging
|
|
Batting: RHB Rodolfo Perez
|
0-0: Foul Ball, location: 2F 0-1: Foul Ball, location: 2F 0-2: Fly out, F9 (Flyball, 9, EV 91.9 MPH)
|
|
Batting: RHB Gustavo Rodriguez
|
0-0: Called Strike 0-1: Called Strike 0-2: Strikes out looking
|
| Top of the 6th over - 0 runs, 0 hits, 0 errors, 0 left on base; Eugene 2 - West Virginia 3 |
| BOTTOM OF THE 6TH |
|
West Virginia Black Bears batting - Pitching for Eugene Emeralds : LHP Alex Gandarilla
|
|
Batting: SHB Don Hauk
|
0-0: Called Strike 0-1: DOUBLE (Groundball, 5L, EV 103.1 MPH)
|
|
Batting: SHB Rob Haney
|
0-0: Foul Ball, location: 2F 0-1: Foul Ball, location: 2F 0-2: Ball 1-2: Strikes out swinging
|
|
Batting: SHB Yutaro Takahashi
|
0-0: Foul Ball, location: 2F 0-1: Ball 1-1: Ball 2-1: Foul Ball, location: 2F 2-2: Foul Ball, location: 2F 2-2: Ball 3-2: SINGLE (Groundball, 56D, EV 107.5 MPH) Don Hauk to third Runner from 3rd tries for Home, SAFE, throw by LF to home
|
|
Batting: LHB Dave Cook
|
0-0: Ball 1-0: Ball 2-0: SINGLE (Line Drive, 8LS, EV 100.6 MPH) Yutaro Takahashi to second
|
|
Batting: RHB Joe Bower
|
0-0: Ball 1-0: Ball Yutaro Takahashi steals 3rd base 2-0: Ball 3-0: Called Strike 3-1: Base on Balls Dave Cook to second
|
|
Batting: LHB Jim Weidman
|
0-0: Ball 1-0: Ball 2-0: Called Strike 2-1: Ball 3-1: Swinging Strike 3-2: Base on Balls Yutaro Takahashi scores Dave Cook to third Joe Bower to second
|
|
Batting: RHB Sam Voss
|
0-0: Called Strike 0-1: DOUBLE (Line Drive, 89M, EV 106.2 MPH) Dave Cook scores Joe Bower scores Jim Weidman to third Runner from 3rd tries for Home, throw by RF and OUT! 9-4-2
|
|
Batting: RHB Erik Mulligan
|
0-0: Called Strike 0-1: Called Strike 0-2: Ball 1-2: Ball 2-2: Foul Ball, location: 2F 2-2: Foul Ball, location: 2F 2-2: Ball 3-2: Base on Balls
|
|
Batting: RHB Mike Weeks
|
0-0: Foul Ball, location: 2F 0-1: Ball Sam Voss steals 3rd, throwing error, E2 Sam Voss scores Erik Mulligan to third 1-1: Ball 2-1: Swinging Strike 2-2: Ball 3-2: Strikes out looking
|
| Bottom of the 6th over - 5 runs, 4 hits, 1 error, 1 left on base; Eugene 2 - West Virginia 8 |
| TOP OF THE 7TH |
|
Eugene Emeralds batting - Pitching for West Virginia Black Bears : LHP Adam Clarke
|
|
Batting: RHB Hugo Torrez
|
0-0: Ball 1-0: Hit by Pitch
|
|
Batting: RHB Dustin Goldsborough
|
0-0: Called Strike 0-1: Ball Hugo Torrez is caught stealing 2nd base 2-4 1-1: Called Strike 1-2: Foul Ball, location: 2F 1-2: Foul Ball, location: 2F 1-2: Ball 2-2: Foul Ball, location: 2F 2-2: Strikes out swinging
|
|
Batting: RHB Jorge Lagunas
|
0-0: Ball 1-0: Called Strike 1-1: Called Strike 1-2: Foul Ball, location: 2F 1-2: Ball 2-2: Ground out 6-3 (Groundball, 56, EV 81.2 MPH)
|
| Top of the 7th over - 0 runs, 0 hits, 0 errors, 0 left on base; Eugene 2 - West Virginia 8 |
| BOTTOM OF THE 7TH |
|
West Virginia Black Bears batting - Pitching for Eugene Emeralds : LHP Alex Gandarilla
|
|
Batting: SHB Don Hauk
|
0-0: Swinging Strike 0-1: Ball 1-1: Foul Ball, location: 2F 1-2: Ground out 4-3 (Groundball, 4M, EV 90.0 MPH)
|
|
Batting: SHB Rob Haney
|
0-0: Foul Ball, location: 2F 0-1: Called Strike 0-2: Ground out 6-3 (Groundball, 6, EV 88.8 MPH)
|
|
Batting: SHB Yutaro Takahashi
|
0-0: Called Strike 0-1: Called Strike 0-2: Strikes out looking
|
| Bottom of the 7th over - 0 runs, 0 hits, 0 errors, 0 left on base; Eugene 2 - West Virginia 8 |
| TOP OF THE 8TH |
|
Eugene Emeralds batting - Pitching for West Virginia Black Bears : LHP Adam Clarke
|
|
Pitching: LHP Juan Hernandez
|
|
|
Batting: RHB Bartolo Aguilar
|
0-0: Called Strike 0-1: Ball 1-1: Foul Ball, location: 2F 1-2: Strikes out swinging
|
|
Batting: RHB Mike Larson
|
0-0: Called Strike 0-1: Foul Ball, location: 2F 0-2: Ball 1-2: Ball 2-2: Strikes out swinging
|
|
Batting: RHB T.J. Garrison
|
0-0: Called Strike 0-1: Swinging Strike 0-2: Strikes out looking
|
| Top of the 8th over - 0 runs, 0 hits, 0 errors, 0 left on base; Eugene 2 - West Virginia 8 |
| BOTTOM OF THE 8TH |
|
West Virginia Black Bears batting - Pitching for Eugene Emeralds : LHP Alex Gandarilla
|
|
Batting: LHB Dave Cook
|
0-0: Called Strike 0-1: Foul Ball, location: 2F 0-2: Foul Ball, location: 2F 0-2: Strikes out swinging
|
|
Batting: RHB Joe Bower
|
0-0: SINGLE (Groundball, 4MD, EV 102.5 MPH)
|
|
Batting: LHB Jim Weidman
|
0-0: Ball 1-0: Ball 2-0: Called Strike 2-1: Ball 3-1: SINGLE (Flyball, 56D, EV 96.2 MPH) Joe Bower to second
|
|
Batting: RHB Sam Voss
|
0-0: Called Strike 0-1: Hit by Pitch Joe Bower to third Jim Weidman to second
|
|
Batting: RHB Erik Mulligan
|
0-0: Swinging Strike 0-1: Ball 1-1: Foul Ball, location: 2F 1-2: Ball 2-2: SINGLE (Groundball, 56, EV 107.5 MPH) (infield hit) Joe Bower scores Jim Weidman to third Sam Voss to second
|
|
Batting: RHB Mike Weeks
|
0-0: Foul Ball, location: 2F 0-1: Ball 1-1: Swinging Strike 1-2: Strikes out swinging
|
|
Batting: SHB Don Hauk
|
0-0: SINGLE (Groundball, 34D, EV 106.9 MPH) Jim Weidman scores Sam Voss to third Erik Mulligan to second Runner from 3rd tries for Home, SAFE, throw by RF to home
|
|
Batting: SHB Rob Haney
|
0-0: Called Strike 0-1: 3-RUN HOME RUN (Flyball, 7D, EV 96.9 MPH), Distance : 390 ft
|
|
Pinch Hitting: LHB Jesse Haught
|
0-0: Ball 1-0: Swinging Strike 1-1: Swinging Strike 1-2: Ball 2-2: SINGLE (Groundball, 4M, EV 103.1 MPH) (infield hit)
|
|
Batting: LHB Dave Cook
|
0-0: SINGLE (Groundball, 34, EV 98.8 MPH) Jesse Haught to second Runner from 2nd tries for 3rd, SAFE, throw by RF made to third
|
|
Batting: RHB Joe Bower
|
0-0: SINGLE (Line Drive, 4D, EV 103.1 MPH) Jesse Haught scores Dave Cook to second Runner from 2nd tries for 3rd, SAFE, throw by RF made to third
|
|
Batting: LHB Jim Weidman
|
0-0: Ground out 4-3 (Groundball, 4, EV 90.6 MPH)
|
| Bottom of the 8th over - 7 runs, 8 hits, 0 errors, 2 left on base; Eugene 2 - West Virginia 15 |
| TOP OF THE 9TH |
|
Eugene Emeralds batting - Pitching for West Virginia Black Bears : LHP Juan Hernandez
|
|
Now in LF: Don Hauk
|
|
|
Now in CF: Jesse Haught
|
|
|
Batting: RHB Juan Lira
|
0-0: Ball 1-0: Foul Ball, location: 2F 1-1: Called Strike 1-2: Strikes out looking
|
|
Batting: RHB Rodolfo Perez
|
0-0: Foul Ball, location: 2F 0-1: Ball 1-1: Foul Ball, location: 2F 1-2: Strikes out looking
|
|
Pitching: RHP Sung-jae Choo
|
|
|
Batting: RHB Gustavo Rodriguez
|
0-0: Called Strike 0-1: Ground out 4-3 (Groundball, 4, EV 80.0 MPH)
|
| Top of the 9th over - 0 runs, 0 hits, 0 errors, 0 left on base; Eugene 2 - West Virginia 15 |
|